 Dungeon Crawl Stone Soup version 0.26-a0-757-g626ac9e51a (webtiles) character file.

Game seed: 3359992040671031687

186 Sin92 the Skirmisher (level 5, -1/42 HPs)
             Began as a Demonspawn Fighter on Nov 8, 2020.
             Succumbed to a scorpion's poison
             ... on level 4 of the Dungeon.
             The game lasted 00:02:27 (2848 turns).

Sin92 the Skirmisher (Demonspawn Fighter)           Turns: 2848, Time: 00:02:28

Health: -1/42      AC:  8    Str: 17    XL:     5   Next: 38%
Magic:  5/5        EV:  7    Int:  9    God:
Gold:   180        SH:  9    Dex: 13    Spells: 4/4 levels left

rFire    . . .     SeeInvis .   a - +0 long sword
rCold    . . .     Faith    .   c - +0 kite shield
rNeg     . . .     Spirit   .   b - +0 scale mail
rPois    .         Reflect  .   (helmet restricted)
rElec    .         Harm     .   n - scarf {repulsion}
rCorr    .         Rampage  .   (no gloves)
MR       .....                  j - +0 pair of boots
Stlth    ..........             (no amulet)
HPRegen  0.14/turn              (no ring)
MPRegen  0.09/turn              (no ring)

@: lethally poisoned (-1 -> -37), repel missiles
A: antennae 2
a: no special abilities


You were on level 4 of the Dungeon.
You visited 1 branch of the dungeon, and saw 4 of its levels.

You collected 180 gold pieces.

Inventory:

Hand Weapons
 a - a +0 long sword (weapon)
Armour
 b - a +0 scale mail (worn)
 c - a +0 kite shield (worn)
 j - a +0 pair of boots (worn)
 n - a scarf of repulsion (worn)
Scrolls
 f - 2 scrolls of amnesia {unknown}
 h - 3 scrolls of identify {unknown}
 i - 3 scrolls of teleportation {unknown}
 o - a scroll of immolation {unknown}
 p - 2 scrolls of enchant armour {unknown}
Potions
 d - 5 potions of might
 e - a potion of heal wounds {unknown}
 g - a potion of ambrosia {unknown}
 k - a potion of brilliance {unknown}
 l - a potion of magic {unknown}
 m - a potion of mutation {unknown}


   Skills:
 + Level 3.6 Fighting
 * Level 3.3 Long Blades
 + Level 3.4 Armour
 + Level 1.5 Dodging
 + Level 3.2 Shields


You had 4 spell levels left.
You didn't know any spells.
Your spell library was empty.

Dungeon Overview and Level Annotations

Branches:
Dungeon (4/15)
 Temple: D:4-7

Altars:


Innate Abilities, Weirdness & Mutations

You have a pair of antennae on your head.


Message History

The scorpion is moderately wounded.
You feel sick. The scorpion stings you.
You are more poisoned.
The scorpion poisons you!
You hit the scorpion but do no damage.
The scorpion is moderately wounded.
* * * LOW HITPOINT WARNING * * *
You feel very sick. You block the scorpion's attack. The scorpion stings you.
* * * LOW HITPOINT WARNING * * *
You are more poisoned.
The scorpion poisons you!
You hit the scorpion.
The scorpion is heavily wounded.
* * * LOW HITPOINT WARNING * * *
You feel very sick.
The scorpion stings you but does no damage.
You hit the scorpion.
The scorpion is heavily wounded.
You die...

....#....# .........
#.#.......... .........
............ .....## ...
..........##. ......#....
............
............. ...#.#.....
##.<.........##....#...#
##...............s....##
................@......#
......................##
.....................##
...........###........###
............##..........#
....#............#....###
.####......##...#######
## #......###.##
###.....####


You could see a scorpion.

Vanquished Creatures
  A scorpion (D:4)
  Jessica (D:2)
  5 adders
  4 worms
  2 bats
  4 giant cockroaches
  14 goblins
  9 hobgoblins
  4 kobolds
  A quokka (D:2)
  4 frilled lizards
  6 rats
55 creatures vanquished.

Notes
Turn   | Place    | Note
-------+----------+-------------------------------------------
     0 | D:1      | Sin92 the Demonspawn Fighter began the quest for the Orb.
     0 | D:1      | Reached XP level 1. HP: 18/18 MP: 1/1
    42 | D:1      | Gained mutation: You have a pair of small antennae on your
                  | head. [demonic ancestry]
    42 | D:1      | Reached XP level 2. HP: 22/24 MP: 2/2
   693 | D:2      | Noticed Jessica
   705 | D:2      | Killed Jessica
   705 | D:2      | Reached skill level 1 in Dodging
   705 | D:2      | Reached XP level 3. HP: 19/29 MP: 3/3
  1055 | D:2      | Reached XP level 4. HP: 33/35 MP: 4/4
  2812 | D:4      | Gained mutation: You have a pair of antennae on your head.
                  | [demonic ancestry]
  2812 | D:4      | Reached XP level 5. HP: 41/41 MP: 5/5
  2848 | D:4      | Succumbed to a scorpion's poison

Illustrated notes

Levels and vault maps discovered:
D:1:      minmay_arrival_nine_rooms, layout_rooms, minmay_misc_feat_alley,
          st_stairs_5
D:2:      layout_basic, uniq_jessica
D:3:      layout_basic
D:4:      layout_cave_pools

Skill      XL: |  1  2  3  4 |
---------------+-------------+-----
Long Blades    | 2 3 |  3.3
Armour         | 3 |  3.4
Dodging        | 1 |  1.5
Shields        | 3 |  3.2
Fighting       | |  3.6

Action                   |  1- 3 |  4- 6 || total
-------------------------+-------+-------++-------
Melee: Long sword        |    76 |   119 ||   195
Armor: Scale mail        |    46 |    51 ||    97
Dodge: Dodged            |    20 |    29 ||    49
Block: Kite shield       |    37 |    49 ||    86
       Rpst.: Long sword |     7 |     4 ||    11

Table legend: (Time is in decaauts)
 A = Elapsed time spent in this place.
 B = Non-inter-level travel time spent in this place.
 C = Inter-level travel time spent in this place.
 D = Time resting spent in this place.
 E = Time spent auto-exploring this place.
 F = Levels seen in this place.
 G = Mean time per level.
                   A        B        C        D        E       F      G
               +--------+--------+--------+--------+--------+-----+--------+
         Total |   2915 |   2836 |     79 |    170 |   2176 |   4 |  728.8 |
       Dungeon |   2915 |   2836 |     79 |    170 |   2176 |   4 |  728.8 |
               +--------+--------+--------+--------+--------+-----+--------+

Top non-repeatable levels by time:
     D:2: 1371 daAuts
     D:3: 764 daAuts
     D:1: 711 daAuts
     D:4: 68 daAuts
